 Dungeon Sprint DCSS version 0.20.1-1-g8b1a95d (console) character file.

7400000 hilaritas the Axe Maniac (level 27, -10/249 HPs)
             Began as a Barachi Gladiator on Sept 24, 2017.
             Was the Champion of Makhleb.
             Mangled by a meat berserker
             ... wielding a +9 battleaxe
              (32 damage)
             ... in the Dungeon (Sprint VIII: "Arena of Blood").
             The game lasted 00:04:17 (74 turns).

hilaritas the Axe Maniac (Barachi Gladiator)          Turns: 74, Time: 00:04:17

Health: -10/249    AC:  8    Str: 25    XL:     27
Magic:  32/54      EV: 32    Int:  9    God:    Makhleb [******]
Gold:   0          SH:  0    Dex: 17    Spells: 80/80 levels left

rFire    + . .     SeeInvis .   l - +∞ Axe of Woe
rCold    . . .     Gourm    .   (shield currently unavailable)
rNeg     . . .     Faith    .   b - +0 leather armour
rPois    .         Spirit   .   c - +0 helmet
rElec    .         Reflect  .   (no cloak)
rCorr    .         Harm     .   (no gloves)
MR       ++...     NoTele   +   (no boots)
Stlth    +++++++++.             (no amulet)
Regen    0.6/turn               m - ring of protection from fire
MPRegen  0.4/turn               (no ring)

@: marked, can't hop, slowed, very slow
A: +LOS, swims, slowness 1, strong legs 2
a: Hop, Minor Destruction, Lesser Servant of Makhleb, Major Destruction, Greater
Servant of Makhleb, Renounce Religion


You were in the Dungeon.
You worshipped Makhleb.
Makhleb was exalted by your worship.
You were not hungry.

You visited 1 branch

Inventory:

Hand Weapons
 a - a +0 war axe
 l - the +∞ Axe of Woe (weapon)
   (You found it in the Dungeon)
Missiles
 d - 3 throwing nets (quivered)
Armour
 b - a +0 leather armour (worn)
 c - a +0 helmet (worn)
Jewellery
 m - a ring of protection from fire (left hand)
Scrolls
 k - a scroll of blinking
Potions
 e - a potion of curing
 g - a potion of heal wounds
 h - a potion of haste
 i - 2 potions of magic
 j - a potion of berserk rage
Comestibles
 f - a bread ration


   Skills:
 O Level 27 Fighting
 O Level 27 Axes
 O Level 27 Throwing
 O Level 27 Armour
 O Level 27 Dodging
 O Level 27 Stealth
 O Level 27 Unarmed Combat
 O Level 27 Spellcasting
 O Level 27 Invocations


You had 80 spell levels left.
You didn't know any spells.

Dungeon Overview and Level Annotations

Branches:
Dungeon (1/1)

Altars:
Makhleb

Annotations:
D The Captor


Innate Abilities, Weirdness & Mutations

Shadows flee at your approach. (+LOS)
You can swim through water.
You cover ground slowly.
You can hop longer distances.


Message History

You hear a shout!
The Captor gestures at you while chanting.
A sentinel's mark forms upon you.
The meat berserker completely misses you.
You hear a shout! x4
The accursed casts a spell at you. Something smites you!
You hear a shout! x2
The corpses begin to drag themselves along the ground!
The meat berserker hits you with a +9 battleaxe!!!
* * * LOW HITPOINT WARNING * * *
You hear a shout! x3
The meat berserker hits you with a +9 battleaxe!!
* * * LOW HITPOINT WARNING * * *
You hear a shout!
The accursed gestures at you while chanting.
Something smites you!
* * * LOW HITPOINT WARNING * * *
The meat berserker hits you with a +9 battleaxe!!
You die...

.#####. ...... ..## .##.....
....... .o...... .......
#.#..... .........
...Do...####.........
XzzV..X..............
..DoO.DOW......#..... ...
.o.MMXO@x@xX...........# ..
.XXO.XLoOOo)....#......# #.
..o.#.XXX.)o)X.........# #..
M..#....o.oo)..##.....# .###..
...###X....oxX).......#
......###...........))###.....#
......_.............)XX......#
#.....#.......#.#Mox..))))#
#_.<._#.........OX))))§§§%#
..#.....#.)...)#)#)#.)))§§§)#
......_.......)))))))))))§)§.#


You could see 4 accurseds, 2 tentacled monstrosities, a tyrant, 3 eight-headed
meat hydras, a destroyer, 2 sculptors of flesh, 14 large abominations, a dread,
The Captor, 7 meat berserkers, 2 small abominations, 13 bags of meat and 2
crawling corpses.

Vanquished Creatures
  2 hell beasts (D)
  4 wraiths (D)
  Harold (D)
  7 vampire knights (D)
  24 ogres (D)
  3 two-headed ogres (D)
  A lich (D)
  75 orcs (D)
  4 skeletal warriors (D)
  A small abomination (D)
  2 large abominations (D)
  16 crawling corpses (D)
140 creatures vanquished.

Vanquished Creatures (others)
  4 crawling corpses (D)
4 creatures vanquished.

Grand Total: 144 creatures vanquished

Notes
Turn   | Place    | Note
-------+----------+-------------------------------------------
     0 | D        | hilaritas the Barachi Gladiator began the quest for the Orb.
     0 | D        | Reached XP level 1. HP: 17/17 MP: 1/1
     3 | D        | Noticed a bag of meat
     4 | D        | Noticed a bag of meat
     4 | D        | Became a worshipper of Makhleb the Destroyer
     6 | D        | Noticed a meat berserker
     6 | D        | Noticed a meat berserker
     7 | D        | Noticed a bag of meat
     7 | D        | Noticed a bag of meat
     8 | D        | Noticed a bag of meat
     8 | D        | Noticed a bag of meat
     9 | D        | Noticed a bag of meat
     9 | D        | Noticed a bag of meat
     9 | D        | Noticed a bag of meat
     9 | D        | Noticed a bag of meat
     9 | D        | Killed a meat berserker
     9 | D        | Reached skill level 27 in Axes
     9 | D        | Reached XP level 2. HP: 54/54 MP: 2/2
     9 | D        | Reached XP level 3. HP: 60/60 MP: 3/3
     9 | D        | Reached XP level 4. HP: 68/68 MP: 4/4
     9 | D        | Reached XP level 5. HP: 74/74 MP: 5/5
     9 | D        | Reached XP level 6. HP: 82/82 MP: 6/6
     9 | D        | Reached XP level 7. HP: 88/88 MP: 7/7
     9 | D        | Reached XP level 8. HP: 96/96 MP: 8/8
     9 | D        | Reached XP level 9. HP: 102/102 MP: 9/9
     9 | D        | Reached XP level 10. HP: 110/110 MP: 10/10
     9 | D        | Reached XP level 11. HP: 116/116 MP: 11/11
     9 | D        | Reached XP level 12. HP: 124/124 MP: 12/12
     9 | D        | Gained mutation: You can hop longer distances. [Barachi growth]
     9 | D        | Reached XP level 13. HP: 130/130 MP: 13/13
    10 | D        | Noticed a bag of meat
    10 | D        | Noticed a bag of meat
    10 | D        | Noticed a bag of meat
    10 | D        | Noticed a meat berserker
    10 | D        | Noticed a bag of meat
    10 | D        | Killed a bag of meat
    10 | D        | Reached * piety under Makhleb
    10 | D        | Reached XP level 14. HP: 106/150 MP: 14/14
    11 | D        | Noticed a meat berserker
    11 | D        | Noticed a bag of meat
    11 | D        | Noticed a large bag of meat
    11 | D        | Killed a meat berserker
    11 | D        | Reached skill level 27 in Fighting
    11 | D        | Reached skill level 10 in Invocations
    11 | D        | Reached XP level 15. HP: 113/159 MP: 14/22
    11 | D        | Reached skill level 15 in Armour
    11 | D        | Reached ** piety under Makhleb
    11 | D        | Reached XP level 16. HP: 167/167 MP: 14/26
    12 | D        | Noticed a destroyer
    13 | D        | Noticed a meat berserker
    13 | D        | Noticed a meat berserker
    13 | D        | Reached skill level 15 in Invocations
    13 | D        | Killed a meat berserker
    13 | D        | Reached *** piety under Makhleb
    13 | D        | Reached XP level 17. HP: 174/174 MP: 14/30
    15 | D        | Noticed a meat berserker
    15 | D        | Killed a destroyer
    15 | D        | Reached skill level 27 in Armour
    15 | D        | Reached skill level 27 in Dodging
    15 | D        | Reached XP level 18. HP: 28/182 MP: 14/33
    15 | D        | Reached **** piety under Makhleb
    15 | D        | Reached skill level 27 in Invocations
    16 | D        | Noticed a meat berserker
    17 | D        | Reached XP level 19. HP: 40/189 MP: 15/36
    18 | D        | Noticed a meat berserker
    18 | D        | Reached skill level 15 in Throwing
    18 | D        | Reached ***** piety under Makhleb
    18 | D        | Reached XP level 20. HP: 197/197 MP: 15/37
    19 | D        | Noticed a large bag of meat
    19 | D        | Noticed a destroyer
    20 | D        | Noticed a meat berserker
    20 | D        | Killed a meat berserker
    20 | D        | Reached skill level 27 in Stealth
    20 | D        | Killed a meat berserker
    20 | D        | Reached skill level 27 in Throwing
    20 | D        | Reached XP level 21. HP: 204/204 MP: 15/38
    20 | D        | Killed a meat berserker
    20 | D        | Reached skill level 15 in Unarmed Combat
    21 | D        | Noticed a destroyer
    21 | D        | Noticed a meat berserker
    21 | D        | Killed a meat berserker
    21 | D        | Reached XP level 22. HP: 212/212 MP: 16/47
    21 | D        | Reached ****** piety under Makhleb
    23 | D        | Reached skill level 27 in Unarmed Combat
    23 | D        | Reached skill level 27 in Spellcasting
    23 | D        | Reached XP level 23. HP: 219/219 MP: 16/54
    23 | D        | Killed a destroyer
    26 | D        | Noticed a large bag of meat
    28 | D        | Reached XP level 24. HP: 193/227 MP: 18/54
    28 | D        | Killed a large bag of meat
    29 | D        | Killed a destroyer
    29 | D        | Reached XP level 25. HP: 234/234 MP: 18/54
    30 | D        | Noticed The Servant
    31 | D        | Killed a large bag of meat
    31 | D        | Reached XP level 26. HP: 242/242 MP: 19/54
    35 | D        | Noticed a destroyer
    35 | D        | Reached XP level 27. HP: 249/249 MP: 20/54
    41 | D        | Noticed a tyrant
    41 | D        | Noticed a destroyer
    45 | D        | Noticed a destroyer
    46 | D        | Killed a destroyer
    49 | D        | Noticed an accursed
    49 | D        | Killed a destroyer
    54 | D        | Killed a large bag of meat
    55 | D        | Killed a tyrant
    57 | D        | Killed The Servant
    58 | D        | Noticed a dread
    61 | D        | Noticed a meat beast
    64 | D        | Noticed a destroyer
    65 | D        | Noticed a dread
    65 | D        | Killed a meat beast
    66 | D        | Killed a destroyer
    66 | D        | Killed a dread
    67 | D        | Noticed a dread
    68 | D        | Noticed a tyrant
    69 | D        | Noticed an accursed
    69 | D        | Noticed a meat beast
    70 | D        | Noticed a dread
    70 | D        | Noticed The Captor
    70 | D        | Noticed a dread
    71 | D        | Noticed an accursed
    72 | D        | Noticed a destroyer
    72 | D        | Killed a meat beast
    72 | D        | Killed a destroyer
    72 | D        | Killed a dread
    72 | D        | Killed a dread
    72 | D        | Killed a dread
    74 | D        | Noticed an accursed
    74 | D        | Mangled by a meat berserker

Skill      XL: |  1  2  3  4  5  6  7  8  9 10 11 12 13 14 15 16 17 18 19 20 21 22 |
---------------+-------------------------------------------------------------------+-----
Axes           | 27 | 27.0
Fighting       | 21 26 27 | 27.0
Armour         | 12 17 23 27 | 27.0
Dodging        | 14 19 25 27 | 27.0
Invocations    | 10 13 18 22 27 | 27.0
Throwing       | 11 18 27 | 27.0
Stealth        | 16 25 27 | 27.0
Unarmed Combat | 22 27 | 27.0
Spellcasting   | 21 27 | 27.0

Action                   |  1- 3 |  4- 6 |  7- 9 | 10-12 | 13-15 | 16-18 | 19-21 | 22-24 | 25-27 || total
-------------------------+-------+-------+-------+-------+-------+-------+-------+-------+-------++-------
Melee: Executioner's axe |     1 |       |       |       |     2 |     3 |     3 |     4 |    27 ||    40
 Abil: Hop               |       |       |       |       |       |     1 |       |       |     1 ||     2
Armor: Leather armour    |       |       |       |       |       |     1 |     1 |       |     1 ||     3
Dodge: Dodged            |       |       |       |       |       |     1 |       |     1 |    11 ||    13
